Map: Cyber Forest LE

Players

Parkkatz - Winner!

  • Race: Zerg Zerg
  • League: Platinum
  • Spawn Location: 11:00

Nurdzzz

  • Race: Terran Terran
  • League: Platinum
  • Spawn Location: 5:00

VOD

Have the link to the VOD?

Description

Time

  • Played on: July 3, 2019, 11:29 a.m.
  • Length: 4:08
Show
View Real Time Build Order
Export as new Build Order

Parkkatz Zerg - Winner!

Build Orders: Hatch First 

Get SALT Encoding   

  12  0:01  Drone  
  13  0:14  Overlord  
  13  0:19  Drone  
  14  0:32  Drone x2  
  16  0:36  Drone  
  17  0:47  Drone  
  18  0:58  Hatchery  
  18  1:01  Extractor  
  18  1:02  Drone  
  17  1:15  Spawning Pool  
  17  1:18  Drone  
  17  1:22  Drone  
  18  1:31  Drone  
  19  1:41  Drone  
  20  1:51  Overlord  
  20  2:04  Queen  
  22  2:10  Zergling x4  
  22  2:12  Queen  
  26  2:18  Metabolic Boost  
  26  2:25  Drone x2  
  28  2:34  Drone x3  
  31  2:44  Overlord  
  31  2:48  Queen  
  33  2:59  Drone x3  
  36  3:07  Drone x2  
  38  3:14  Zergling x8  
  42  3:24  Spine Crawler  
  39  3:30  Zergling x8  
  43  3:38  Drone  
Show
View Real Time Build Order
Export as new Build Order

Nurdzzz Terran 

Build Orders:  

Get SALT Encoding   

  12  0:01  SCV  
  13  0:13  SCV  
  14  0:17  Supply Depot  
  14  0:25  SCV  
  15  0:39  SCV  
  15  0:40  Barracks  
  16  0:47  Refinery  
  16  0:51  SCV  
  17  1:01  Barracks  
  17  1:05  SCV  
  18  1:17  SCV  
  19  1:23  Barracks  
  19  1:29  SCV  
  20  1:33  Refinery  
  20  1:43  Supply Depot  
  20  1:51  Reaper  
  20  1:52  Reaper  
  22  1:55  SCV  
  23  2:10  Reaper  
  24  2:20  Orbital Command  
  24  2:23  Reaper  
  24  2:25  Reaper  
  26  2:43  Reaper  
  27  2:55  Reaper  
  27  2:57  Reaper  
  28  3:15  Reaper  
  28  3:28  Reaper  
  28  3:29  Reaper  
Tags
 
Add a new tag
Caveats
  • Supply blocks, unpowered buildings, or Contaminate may cause inaccurate times.
  • Supply counts are checked every 10 seconds.